 Dungeon Sprint DCSS version 0.29-a0-194-g6e3aafee17 (webtiles) character file.

Game seed: 3526953327100970127

473405 Zeldest the Champion of Chaos (level 20, -17/327 (354) HPs)
             Began as a Deep Dwarf Fighter on Feb 22, 2022.
             Was the Champion of Makhleb.
             Killed from afar by a Hell Sentinel (45 damage)
             ... with damnation
             ... summoned by Dispater
             ... in the Dungeon (Sprint IX: "|||||||||||||||||||||||||||||").
             The game lasted 00:43:26 (3872 turns).

Zeldest the Champion of Chaos (Deep Dwarf Fighter)  Turns: 3872, Time: 00:43:27

HP:   -17/327 (354) AC: 30    Str: 26    XL:     20   Next: 44%
MP:   20/20         EV:  2    Int:  6    God:    Makhleb [******]
Gold: 59            SH:  5    Dex: 18    Spells: 62/62 levels left

rFire   + + .      SeeInvis +   V - +5 executioner's axe "Pendulum" {freeze, *Slow rElec rPois rC+++}
rCold   + + +      Faith    .   (shield currently unavailable)
rNeg    + . .      Spirit   .   (body armour currently unavailable)
rPois   +          Reflect  +   (helmet currently unavailable)
rElec   +          Harm     .   (cloak currently unavailable)
rCorr   +          Rampage  .   (gloves currently unavailable)
Will    +++..      Rage     1%  (boots currently unavailable) Stlth *+++++++++ NoTele +
                                U - amulet "Boolegh" {Reflect rElec rPois Str-2 SH+5 Stlth+}
HPRegen 0.00/turn               R - ring of the Raven {rC+ Dex+3 SInv}
MPRegen 0.17/turn               j - ring of Feti {rF+ Dex+3}

@: mighty, lethally poisoned (-17 -> -17), tree-form, resistant, hasted and
slowed, silenced, drained, unable to read
A: stationary, stasis, torment immunity, boosted hp, damage resistance, heal
wounds, negative energy resistance 1, sense surroundings 3, no regeneration,
berserk 1, dopey 2, inability to read while threatened
}: 9/17 runes: decaying, serpentine, barnacled, slimy, elven, silver, golden,
abyssal, gossamer
a: Heal Wounds, Renounce Religion


You were in the Dungeon.
You worshipped Makhleb.
Makhleb was exalted by your worship.
You were a tree.
You visited 1 branch You collected 1410 gold pieces.
You spent 1351 gold pieces at shops.

Inventory:

Hand Weapons
 a - the +8 mithril axe "Arga" {speed, Will+}
   (You took it off an ironbound convoker in the Dungeon)

   Attacks with this weapon are significantly faster.
   Will:      It increases your willpower.
 n - a +0 war axe
 J - a +5 vorpal broad axe
 K - a +2 executioner's axe
 N - the +10 war axe of Kytrevum {freeze, rC+ Str+3 Int+5 Dex+4}
   (You found it in the Dungeon)

   It freezes those it strikes, dealing additional cold damage.
   It can also slow down cold-blooded creatures.
   Str:       It affects your strength (+3).
   Int:       It affects your intelligence (+5).
   Dex:       It affects your dexterity (+4).
   rC:        It protects you from cold.
 V - the +5 executioner's axe "Pendulum" (weapon) {freeze, *Slow rElec rPois rC+++}
   (You found it in the Dungeon)

   It freezes those it strikes, dealing additional cold damage.
   It can also slow down cold-blooded creatures.
   rC:        It renders you almost immune to cold.
   rElec:     It insulates you from electricity.
   rPois:     It protects you from poison.
   *Slow:     It may slow you when you take damage.
 W - the +5 lajatang of Domination {holy, rN+ Dex+3}
   (You found it in the Dungeon)

   It has been blessed by the Shining One to cause great damage to the undead
   and demons.
   Dex:       It affects your dexterity (+3).
   rN:        It protects you from negative energy.
Armour
 b - a +0 scale mail
 c - a +0 buckler
 g - the +18 shield of the Gong {rElec rN+ Will+ EV-5}
   (You acquired it in the Dungeon)

   It is deafeningly noisy when blocking attacks.
   EV:        It affects your evasion (-5).
   rElec:     It insulates you from electricity.
   rN:        It protects you from negative energy.
   Will:      It increases your willpower.
 k - a +1 kite shield of reflection
 o - a +0 pair of gloves (melded)
 p - a +0 pair of boots
 q - a +1 scale mail
 E - a +1 helmet
 F - a +2 cloak of willpower (melded)
 G - +0 storm dragon scales
 L - +2 storm dragon scales (melded)
 X - a +2 pair of boots (melded)
 Y - a +2 helmet (melded)
Jewellery
 j - the ring of Feti (right branch) {rF+ Dex+3}
   (You bought it in a shop in the Dungeon)

   [ring of protection from fire]

   Dex:       It affects your dexterity (+3).
   rF:        It protects you from fire.
 r - a +3 ring of strength
 s - a +3 ring of intelligence
 B - a ring of protection from cold
 C - a ring of willpower
 D - a ring of protection from fire
 O - a ring of see invisible
 P - an amulet of magic regeneration
 Q - the ring of Kikubaaqudgha's Regard {rElec Str+3 Int+8}
   (You found it in the Dungeon)

   [ring of strength]

   Str:       It affects your strength (+3).
   Int:       It affects your intelligence (+8).
   rElec:     It insulates you from electricity.
 R - the ring of the Raven (left branch) {rC+ Dex+3 SInv}
   (You found it in the Dungeon)

   [ring of dexterity]

   Dex:       It affects your dexterity (+3).
   rC:        It protects you from cold.
   SInv:      It lets you see invisible.
 S - the amulet of Abstinence {rN+ Will+ Regen+ Stlth+}
   (You found it in the Dungeon)

   [amulet of regeneration]

   rN:        It protects you from negative energy.
   Regen:     It increases your rate of health regeneration.
   Will:      It increases your willpower.
   Stlth:     It makes you more stealthy.
 T - the ring "Gufya" {rC+ Will+ Str+2}
   (You found it in the Dungeon)

   [ring of protection from cold]

   Str:       It affects your strength (+2).
   rC:        It protects you from cold.
   Will:      It increases your willpower.
 U - the amulet "Boolegh" (around neck) {Reflect rElec rPois Str-2 SH+5 Stlth+}
   (You found it in the Dungeon)

   [amulet of reflection]

   It reflects blocked missile attacks.
   Str:       It affects your strength (-2).
   rElec:     It insulates you from electricity.
   rPois:     It protects you from poison.
   SH:        It affects your SH (+5).
   Stlth:     It makes you more stealthy.
Wands
 m - a wand of iceblast (10)
 y - a wand of acid (5)
 I - a wand of paralysis (16)
Scrolls
 i - 6 scrolls of fog
 l - 2 scrolls of amnesia
 t - a scroll of fear
 u - 9 scrolls of enchant armour
 x - a scroll of immolation
 z - 2 scrolls of blinking
Potions
 d - a potion of berserk rage
 e - 6 potions of curing
 f - 23 potions of heal wounds
 h - 4 potions of magic
 w - a potion of resistance
 A - 5 potions of haste
 H - a potion of might
 M - a potion of brilliance


   Skills:
 O Level 27 Fighting
 O Level 27 Axes
 O Level 27 Staves
 O Level 27 Armour
 O Level 27 Dodging
 O Level 27 Stealth
 O Level 27 Shields
 + Level 21.9 Spellcasting
 O Level 27 Invocations
 O Level 27 Evocations


You had 62 spell levels left.
You didn't know any spells.
Your spell library was empty.

Dungeon Overview and Level Annotations

Branches:
Dungeon (1/1)

Altars:
Cheibriados
Dithmenos
Elyvilon
Fedhas
Gozag
Hepliaklqana
Kikubaaqudgha
Makhleb
Nemelex Xobeh
Okawaru
Qazlal
Ru
Sif Muna
Trog
Uskayaw
Vehumet
Wu Jian
Xom
Yredelemnul
Zin
The Shining One
Beogh
Jiyva
Lugonu

Shops:
D ?!:*

Annotations:
D Cerebov, Dispater, Ereshkigal, Gloorx Vloq


Innate Abilities, Weirdness & Mutations

You are a tree.
Your roots penetrate the ground, keeping you stationary.
You cannot be teleported.
You are immune to unholy pain and torment.
Your maximum health is greatly increased.
Your equipment is partially melded.
You are resistant to damage.
You can heal yourself by infusing magical energy.
You resist negative energy. (rN+)
You passively map a large area around you.
You do not regenerate.
You tend to lose your temper in combat.
You are very dopey. (Int -4)
You sometimes lose the ability to read scrolls when taking damage.


Message History

The hellion gestures at you.
The sphere of damnation explodes!
The damnation engulfs you!
The damnation engulfs Dispater.
Dispater completely resists.
Cerebov gestures.
Cerebov seems to speed up.
You feel much better.
You are engulfed in dark miasma.
You feel very sick. Dispater gestures at you.
The sphere of damnation explodes!
The damnation engulfs you!!
The damnation engulfs Dispater.
Dispater completely resists.
The damnation engulfs the Hell Sentinel.
The Hell Sentinel completely resists.
The Tzitzimitl gestures at you.
The bolt of negative energy hits the Tzitzimitl.
The Tzitzimitl completely resists.
The bolt of negative energy hits Ereshkigal.
Ereshkigal completely resists.
The bolt of negative energy hits Dispater but does no damage.
Dispater completely resists.
The bolt of negative energy hits you!! You partially resist.
You feel drained.
The bolt of negative energy hits the Hell Sentinel.
The Hell Sentinel completely resists.
The Hell Sentinel hits you. x2
You feel protected.
Gloorx Vloq gestures. x2; Ereshkigal gestures.
Ereshkigal's surroundings become eerily quiet.
Dispater hits you with the +4 staff of Dispater!!
* * * LOW HITPOINT WARNING * * *
The Hell Sentinel hits you!
* * * LOW HITPOINT WARNING * * *
The Hell Sentinel barely misses you.
Your magical essence is drained by the effort!
You feel much better.
Ereshkigal gestures.
Ereshkigal's surroundings become eerily quiet.
Dispater gestures at you. The iron shot hits you!!!
* * * LOW HITPOINT WARNING * * *
The Hell Sentinel gestures at you.
The sphere of damnation explodes!
The damnation engulfs you!!!
You die...

*,▓.▓.▓.▓.▓.▓.▓.▓'
▓2▓.▓.▓.▓.▓.▓.▓.▓°
▓&▓.▓.▓.▓.▓.▓.▓.▓.
▓&▓.▓.▓.▓.▓.▓'▓.▓.
▓1▓.▓'▓.▓.▓.▓.▓.▓.
▓1▓.▓.▓.▓.▓.▓.▓.▓)
▓&▓.▓.▓.▓.▓.▓.▓.▓)
▓&▓.▓.▓.▓.▓.▓.▓.▓.
▓♣▓.▓.▓.▓.▓.▓.▓.▓.
▓1▓.▓.▓.▓.▓.▓.▓.▓)
▓'▓.▓.▓.▓.▓.▓.▓.▓)
▓.▓.▓.▓.▓'▓.▓.▓.▓.
▓.▓.▓.▓.▓)▓.▓.▓.▓.
▓.▓.▓.▓.▓.▓.▓.▓.▓.
▓.▓.▓'▓.▓.▓.▓.▓.▓)
▓.▓.▓.▓.▓.▓.▓.▓.▓[
▓.▓.▓.▓.▓)▓.▓.▓.▓.


You could see Cerebov (fast, unsilenced), Dispater (unsilenced), Gloorx Vloq
(unsilenced), Ereshkigal (silencing, unsilenced), a Hell Sentinel (summoned,
unsilenced), 2 Tzitzimimeh and a hellion (summoned, unsilenced).

Vanquished Creatures
  the Royal Jelly (D)
  10 ancient liches (D)
  2 orbs of fire (D)
  Mara (D)
  Mennas (D)
  A juggernaut (D)
  Sojobo (D)
  5 royal mummies (D)
  Frederick (D)
  A curse toe (D)
  Margery (D)
  A golden dragon (D)
  2 caustic shrikes (D)
  Geryon (D)
  Jory (D)
  Nikola (D)
  2 bone dragons (D)
  An electric golem (D)
  Rupert (D)
  5 tentacled monstrosities (D)
  28 Orb Guardians (D)
  4 liches (D)
  2 deep elf blademasters (D)
  2 deep elf master archers (D)
  9 acid blobs (D)
  Gastronok (D)
  3 quicksilver dragons (D)
  Frances (D)
  2 death cobs (D)
  15 sphinxes (D)
  4 tengu reavers (D)
  Ilsuiw (D)
  9 shadow dragons (D)
  A fenstrider witch (D)
  6 azure jellies (D)
  4 storm dragons (D)
  Donald (D)
  7 rockslimes (D)
  4 nagarajas (D)
  2 draconian monks (D)
  5 emperor scorpions (D)
  Louise (D)
  3 frost giants (D)
  2 draconian scorchers (D)
  2 draconian knights (D)
  4 deep elf sorcerers (D)
  A ghost moth (D)
  A war gargoyle (D)
  5 ironbound preservers (D)
  A draconian stormcaller (D)
  2 very ugly things (D)
  2 ironbound thunderhulks (D)
  4 quicksilver oozes (D)
  2 stone giants (D)
  A draconian annihilator (D)
  2 deep elf demonologists (D)
  5 black draconians (D)
  2 green draconians (D)
  4 white draconians (D)
  8 vampire knights (D)
  3 dire elephants (D)
  3 deep elf annihilators (D)
  2 spark wasps (D)
  2 red draconians (D)
  4 purple draconians (D)
  4 mummy priests (D)
  5 ettins (D)
  A deep elf high priest (D)
  5 merfolk javelineers (D)
  3 great orbs of eyes (D)
  2 merfolk impalers (D)
  4 fire dragons (D)
  A shambling mangrove (D)
  25 vault guards (D)
  2 yaktaur captains (D)
  A salamander tyrant (D)
  11 ice dragons (D)
  2 naga warriors (D)
  13 hydras (D)
  An ironbound frostheart (D)
  A merfolk avatar (D)
  7 ogre magi (D)
  A ghost crab (D)
  5 centaur warriors (D)
  A two-headed ogre (D)
  5 merfolk aquamancers (D)
  A satyr (D)
  4 deep troll earth magi (D)
  2 shock serpents (D)
  5 hell knights (D)
  2 thrashing horrors (D)
  A naga sharpshooter (D)
  A sun moth (D)
  A spriggan druid (D)
  A pharaoh ant (D)
  A sea snake (D)
  An orb spider (D)
  2 deep trolls (D)
  3 swamp dragons (D)
  A bog body (D)
  A naga ritualist (D)
  2 phantasmal warriors (D)
  A lindwurm (D)
  A wizard (D)
  7 ironbound convokers (D)
  A large abomination (D)
  An orc knight (D)
  A cyclops (D)
  3 wolf spiders (D)
  A deep elf pyromancer (D)
  3 ugly things (D)
  A manticore (D)
  3 naga magi (D)
  9 moths of wrath (D)
  3 vault sentinels (D)
  6 guardian serpents (D)
  2 merfolk sirens (D)
  A smoke demon (D)
  5 elephants (D)
  2 black mambas (D)
  A cane toad (D)
  Psyche (D)
  A yaktaur (D)
  3 demonic crawlers (D)
  19 guardian mummies (D)
  An efreet (D)
  A rime drake (D)
  An ancient zyme (D)
  A yaktaur (shapeshifter) (D)
  A wandering mushroom (D)
  2 merfolk (D)
  3 trolls (D)
  A tyrant leech (D)
  A polar bear (shapeshifter) (D)
  A blink frog (D)
  A dream sheep (D)
  A tarantella (D)
  2 snapping turtles (D)
  2 slime creatures (D)
  A jumping spider (D)
  5 wraiths (D)
  11 spriggans (D)
  4 yaks (D)
  2 golden eyes (D)
  A neqoxec (D)
  A redback (D)
  2 acid dragons (D)
  A naga (D)
  2 water moccasins (D)
  A floating eye (D)
  11 orc warriors (D)
  2 black bears (D)
  A small abomination (D)
  2 centaurs (D)
  3 bullfrogs (D)
  2 scorpions (D)
  A quasit (D)
  2 orc priests (D)
  An iron imp (D)
  5 orc wizards (D)
  An adder (D)
  An adder skeleton (D)
  7 orcs (D)
  2 endoplasms (D)
  A giant cockroach (D)
  A kobold (D)
  A rat (D)
516 creatures vanquished.

Vanquished Creatures (others)
  Josephine (D)
  An alligator (D)
  A hell knight (D)
  3 swamp drakes (D)
  An orc wizard (D)
7 creatures vanquished.

Grand Total: 523 creatures vanquished

Notes
Turn   | Place    | Note
-------+----------+-------------------------------------------
     0 | D        | Zeldest the Deep Dwarf Fighter began the quest for the Orb.
     0 | D        | Reached XP level 1. HP: 20/20 MP: 1/1
    18 | D        | Noticed a scorpion
    18 | D        | Noticed a black bear
    18 | D        | Noticed a scorpion
    21 | D        | Reached XP level 2. HP: 24/30 MP: 2/2
    31 | D        | Killed a scorpion
    32 | D        | Reached skill level 5 in Fighting
    32 | D        | Reached skill level 5 in Axes
    32 | D        | Reached XP level 3. HP: 15/39 MP: 3/3
    32 | D        | Reached XP level 4. HP: 18/46 MP: 4/4
    42 | D        | Killed a black bear
    43 | D        | Reached XP level 5. HP: 37/55 MP: 5/5
    67 | D        | Found a snail-covered altar of Cheibriados.
    67 | D        | Found a shadowy altar of Dithmenos.
    67 | D        | Found a white marble altar of Elyvilon.
    67 | D        | Found a blossoming altar of Fedhas.
    67 | D        | Found an opulent altar of Gozag.
    68 | D        | Found a hazy altar of Hepliaklqana.
    69 | D        | Found a viscous altar of Jiyva.
    70 | D        | Found an ancient bone altar of Kikubaaqudgha.
    71 | D        | Found a corrupted altar of Lugonu.
    72 | D        | Found a burning altar of Makhleb.
    73 | D        | Found a sparkling altar of Nemelex Xobeh.
    74 | D        | Found an iron altar of Okawaru.
    75 | D        | Found a stormy altar of Qazlal.
    76 | D        | Found a sacrificial altar of Ru.
    77 | D        | Found a shimmering blue altar of Sif Muna.
    78 | D        | Found a bloodstained altar of Trog.
    79 | D        | Found a hide-covered altar of Uskayaw.
    80 | D        | Became a worshipper of Makhleb the Destroyer
    81 | D        | Found a radiant altar of Vehumet.
    82 | D        | Found an ornate altar of the Wu Jian Council.
    83 | D        | Found a shimmering altar of Xom.
    84 | D        | Found a basalt altar of Yredelemnul.
    85 | D        | Found a glowing silver altar of Zin.
    86 | D        | Found a glowing golden altar of the Shining One.
   132 | D        | Noticed a two-headed ogre
   132 | D        | Noticed a centaur
   132 | D        | Noticed an orc warrior
   132 | D        | Noticed a centaur
   132 | D        | Noticed an acid dragon
   159 | D        | Killed an acid dragon
   160 | D        | Reached XP level 6. HP: 65/66 MP: 5/8
   167 | D        | Killed a two-headed ogre
   168 | D        | Reached skill level 10 in Axes
   168 | D        | Reached skill level 10 in Armour
   168 | D        | Reached XP level 7. HP: 38/76 MP: 6/13
   169 | D        | Reached * piety under Makhleb
   179 | D        | Reached XP level 8. HP: 30/85 MP: 8/14
   202 | D        | Noticed a centaur warrior
   202 | D        | Noticed a centaur warrior
   202 | D        | Noticed a centaur warrior
   202 | D        | Noticed a polar bear
   202 | D        | Noticed a manticore
   209 | D        | Killed a manticore
   209 | D        | Reached ** piety under Makhleb
   217 | D        | Killed a polar bear
   218 | D        | Reached skill level 10 in Fighting
   218 | D        | Reached skill level 10 in Invocations
   224 | D        | Killed a centaur warrior
   225 | D        | Gained mutation: You passively map the area around you.
                  | [Deep Dwarf growth]
   225 | D        | Reached XP level 9. HP: 47/94 MP: 12/14
   233 | D        | Killed a centaur warrior
   233 | D        | Reached *** piety under Makhleb
   245 | D        | Killed a centaur warrior
   342 | D        | Acquired the +18 shield of the Gong {rElec rN+ Will+ EV-5}
   342 | D        | Found the +18 shield of the Gong {rElec rN+ Will+ EV-5}
   373 | D        | Noticed a cane toad
   373 | D        | Noticed a black mamba
   374 | D        | Noticed an eight-headed hydra
   384 | D        | Reached **** piety under Makhleb
   387 | D        | Reached XP level 10. HP: 106/106 MP: 15/15
   399 | D        | Killed a black mamba
   407 | D        | Killed an 18-headed hydra
   407 | D        | Reached ***** piety under Makhleb
   408 | D        | Reached skill level 5 in Shields
   410 | D        | Killed a cane toad
   443 | D        | Noticed a seven-headed hydra
   445 | D        | Noticed a five-headed hydra
   453 | D        | Killed a seven-headed hydra
   460 | D        | Killed a five-headed hydra
   461 | D        | Reached skill level 15 in Armour
   461 | D        | Reached skill level 15 in Invocations
   475 | D        | Noticed a dire elephant
   475 | D        | Noticed an elephant
   475 | D        | Noticed an elephant
   475 | D        | Noticed an elephant
   475 | D        | Noticed a dire elephant
   476 | D        | Noticed an elephant
   479 | D        | Killed an elephant
   479 | D        | Noticed a dire elephant
   480 | D        | Reached XP level 11. HP: 88/116 MP: 16/16
   501 | D        | Killed a dire elephant
   502 | D        | Reached skill level 15 in Axes
   509 | D        | Killed a dire elephant
   524 | D        | Killed a dire elephant
   524 | D        | Reached ****** piety under Makhleb
   633 | D        | Noticed Josephine
   642 | D        | Noticed Psyche
   643 | D        | Killed Josephine
   644 | D        | Reached skill level 10 in Shields
   654 | D        | Killed Psyche
   683 | D        | Noticed an orc knight
   691 | D        | Killed an orc knight
   814 | D        | Found Aloduer's Assorted Antiques.
   814 | D        | Noticed an ogre mage
   814 | D        | Noticed an ogre mage
   814 | D        | Noticed a deep troll
   814 | D        | Noticed a stone giant
   817 | D        | Noticed an ogre mage
   819 | D        | Noticed an ogre mage
   820 | D        | Killed a deep troll
   823 | D        | Noticed an ogre mage
   830 | D        | Noticed a stone giant
   831 | D        | Killed a stone giant
   832 | D        | Reached XP level 12. HP: 110/129 MP: 17/17
   836 | D        | Found Vaenn's Book Shop.
   836 | D        | Noticed an ogre mage
   847 | D        | Killed a stone giant
   854 | D        | Killed an ogre mage
   855 | D        | Killed an ogre mage
   858 | D        | Killed an ogre mage
   859 | D        | Found Lucluw's Distillery.
   860 | D        | Killed an ogre mage
   862 | D        | Killed an ogre mage
   867 | D        | Killed an ogre mage
   868 | D        | Reached skill level 15 in Fighting
   880 | D        | Found Uxtuq's Magic Scroll Shop.
   902 | D        | Bought a slimy lapis lazuli ring for 140 gold pieces
   902 | D        | Identified the ring of Feti {rF+ Dex+3} (You bought it in a
                  | shop in the Dungeon)
   902 | D        | Bought a runed kite shield for 210 gold pieces
   907 | D        | Bought a potion of lignification for 39 gold pieces
   907 | D        | Bought a potion of heal wounds for 65 gold pieces
   907 | D        | Bought a potion of resistance for 130 gold pieces
   907 | D        | Bought a potion of heal wounds for 65 gold pieces
   909 | D        | Bought a scroll of immolation for 45 gold pieces
   909 | D        | Bought a scroll of magic mapping for 45 gold pieces
   909 | D        | Bought a scroll of fog for 26 gold pieces
   909 | D        | Bought a scroll of blinking for 97 gold pieces
   909 | D        | Bought a scroll of enchant armour for 97 gold pieces
   932 | D        | Bought a potion of haste for 280 gold pieces
   932 | D        | Bought a crooked iron wand for 112 gold pieces
  1034 | D        | Found the +8 Vampire's Tooth {vamp}
  1092 | D        | Noticed a six-headed hydra
  1092 | D        | Noticed a centaur warrior
  1095 | D        | Reached skill level 1 in Evocations
  1095 | D        | Killed a centaur warrior
  1095 | D        | Killed a six-headed hydra
  1096 | D        | Noticed a centaur warrior
  1102 | D        | Noticed an ettin
  1103 | D        | Noticed a frost giant
  1105 | D        | Noticed an ice dragon
  1109 | D        | Noticed an ice dragon
  1112 | D        | Noticed a great orb of eyes
  1116 | D        | Killed a centaur warrior
  1117 | D        | Noticed a deep troll earth mage
  1122 | D        | Killed a frost giant
  1123 | D        | Reached skill level 5 in Evocations
  1132 | D        | Killed an ettin
  1141 | D        | Killed an ice dragon
  1147 | D        | Reached skill level 5 in Dodging
  1147 | D        | Reached XP level 13. HP: 100/140 MP: 17/17
  1287 | D        | Noticed a merfolk impaler
  1301 | D        | Killed a merfolk impaler
  1323 | D        | Noticed a fenstrider witch
  1328 | D        | Reached skill level 10 in Evocations
  1329 | D        | Killed a fenstrider witch
  1341 | D        | Reached skill level 15 in Shields
  1395 | D        | Noticed Gastronok
  1403 | D        | Noticed Donald
  1409 | D        | Killed Gastronok
  1416 | D        | Killed Donald
  1496 | D        | Noticed a fire dragon
  1496 | D        | Noticed a frost giant
  1496 | D        | Noticed a spark wasp
  1496 | D        | Noticed an ettin
  1501 | D        | Killed an ettin
  1502 | D        | Killed a frost giant
  1503 | D        | Reached skill level 10 in Dodging
  1503 | D        | Gained mutation: You resist negative energy. (rN+) [Deep
                  | Dwarf growth]
  1503 | D        | Reached XP level 14. HP: 125/153 MP: 18/18
  1503 | D        | Noticed a sphinx
  1511 | D        | Killed a sphinx
  1514 | D        | Noticed a red very ugly thing
  1516 | D        | Noticed a cyan very ugly thing
  1524 | D        | Killed a red very ugly thing
  1534 | D        | Killed a cyan very ugly thing
  1552 | D        | Noticed an ironbound thunderhulk
  1552 | D        | Noticed an ironbound preserver
  1558 | D        | Killed an ironbound thunderhulk
  1558 | D        | Noticed a sphinx
  1562 | D        | Killed an ironbound preserver
  1570 | D        | Killed a sphinx
  1571 | D        | Noticed an ironbound preserver
  1575 | D        | Noticed an ironbound preserver
  1579 | D        | Noticed an ironbound preserver
  1585 | D        | Killed an ironbound preserver
  1602 | D        | Killed an ironbound preserver
  1603 | D        | Killed an ironbound preserver
  1604 | D        | Reached skill level 15 in Evocations
  1605 | D        | Noticed an ironbound thunderhulk
  1627 | D        | Killed an ironbound thunderhulk
  1670 | D        | Noticed Frances
  1673 | D        | Noticed an emperor scorpion
  1678 | D        | Noticed an emperor scorpion
  1681 | D        | Killed Frances
  1682 | D        | Noticed a tengu reaver
  1686 | D        | Noticed Sojobo
  1688 | D        | Noticed a tengu reaver
  1689 | D        | Killed an emperor scorpion
  1689 | D        | Killed an emperor scorpion
  1691 | D        | Killed a tengu reaver
  1724 | D        | Killed Sojobo
  1725 | D        | Reached XP level 15. HP: 81/164 MP: 18/18
  1735 | D        | Killed a tengu reaver
  1903 | D        | Noticed Margery
  1912 | D        | Noticed Frederick
  1919 | D        | Killed Margery
  1927 | D        | Killed Frederick
  1997 | D        | Reached skill level 15 in Dodging
  2005 | D        | Got a decaying rune of Zot
  2012 | D        | Noticed an emperor scorpion
  2015 | D        | Noticed an emperor scorpion
  2018 | D        | Killed an emperor scorpion
  2019 | D        | Noticed an emperor scorpion
  2024 | D        | Killed an emperor scorpion
  2031 | D        | Killed an emperor scorpion
  2043 | D        | Got a gossamer rune of Zot
  2051 | D        | Noticed a nagaraja
  2052 | D        | Noticed a nagaraja
  2064 | D        | Killed a nagaraja
  2064 | D        | Noticed a nagaraja
  2065 | D        | Killed a nagaraja
  2070 | D        | Noticed a nagaraja
  2072 | D        | Killed a nagaraja
  2074 | D        | Killed a nagaraja
  2081 | D        | Got a serpentine rune of Zot
  2101 | D        | Noticed Ilsuiw
  2122 | D        | Killed Ilsuiw
  2123 | D        | Reached XP level 16. HP: 177/177 MP: 17/17
  2134 | D        | Got a barnacled rune of Zot
  2162 | D        | Noticed Nikola
  2171 | D        | Killed Nikola
  2304 | D        | Noticed an ancient lich
  2304 | D        | Noticed a tengu reaver
  2306 | D        | Killed a tengu reaver
  2307 | D        | Reached skill level 27 in Invocations
  2311 | D        | Noticed a tengu reaver
  2320 | D        | Killed an ancient lich
  2322 | D        | Noticed a shadow dragon
  2326 | D        | Killed a tengu reaver
  2328 | D        | Noticed a shadow dragon
  2338 | D        | Killed a shadow dragon
  2341 | D        | Killed a shadow dragon
  2352 | D        | Noticed a sphinx
  2364 | D        | Killed a sphinx
  2372 | D        | Noticed a shadow dragon
  2372 | D        | Noticed a golden dragon
  2372 | D        | Noticed a shadow dragon
  2372 | D        | Noticed a tentacled monstrosity
  2372 | D        | Noticed a shadow dragon
  2374 | D        | Killed a shadow dragon
  2375 | D        | Killed a golden dragon
  2376 | D        | Noticed a shadow dragon
  2379 | D        | Noticed a shadow dragon
  2380 | D        | Killed a tentacled monstrosity
  2381 | D        | Killed a shadow dragon
  2386 | D        | Killed a shadow dragon
  2393 | D        | Killed a shadow dragon
  2396 | D        | Killed a shadow dragon
  2400 | D        | Identified the +10 war axe of Kytrevum {freeze, rC+ Str+3
                  | Int+5 Dex+4}
  2406 | D        | Got a silver rune of Zot
  2424 | D        | Noticed Jory
  2429 | D        | Noticed Mennas
  2438 | D        | Killed Jory
  2474 | D        | Noticed Mara
  2480 | D        | Noticed Zeldest's illusion
  2484 | D        | Killed Mennas
  2485 | D        | Reached XP level 17. HP: 132/192 MP: 19/19
  2500 | D        | Killed Mara
  2572 | D        | Got the ring of Kikubaaqudgha's Regard {rElec Str+3 Int+8}
  2574 | D        | Got the ring of the Raven {rC+ Dex+3 SInv}
  2576 | D        | Got the amulet of Abstinence {rN+ Will+ Regen+ Stlth+}
  2578 | D        | Got the ring "Gufya" {rC+ Will+ Str+2}
  2580 | D        | Got the amulet "Boolegh" {Reflect rElec rPois Str-2 SH+5
                  | Stlth+}
  2597 | D        | Got the +5 executioner's axe "Pendulum" {freeze, *Slow
                  | rElec rPois rC+++}
  2600 | D        | Got the +5 lajatang of Domination {holy, rN+ Dex+3}
  2667 | D        | Noticed Louise
  2671 | D        | Killed Louise
  2719 | D        | Noticed Rupert
  2730 | D        | Killed Rupert
  2751 | D        | Noticed a caustic shrike
  2751 | D        | Noticed a juggernaut
  2751 | D        | Noticed a quicksilver dragon
  2751 | D        | Noticed a tentacled monstrosity
  2754 | D        | Noticed a caustic shrike
  2756 | D        | Killed a caustic shrike
  2756 | D        | Noticed a lich
  2757 | D        | Killed a quicksilver dragon
  2758 | D        | Killed a juggernaut
  2758 | D        | Killed a caustic shrike
  2764 | D        | Killed a tentacled monstrosity
  2765 | D        | Killed a lich
  2776 | D        | Noticed a bone dragon
  2776 | D        | Noticed a bone dragon
  2792 | D        | Killed a bone dragon
  2811 | D        | Killed a bone dragon
  2825 | D        | Noticed a quicksilver dragon
  2828 | D        | Killed a quicksilver dragon
  2829 | D        | Reached skill level 27 in Axes
  2844 | D        | Noticed a quicksilver dragon
  2847 | D        | Killed a quicksilver dragon
  2871 | D        | Noticed a tentacled monstrosity
  2883 | D        | Killed a tentacled monstrosity
  2884 | D        | Reached skill level 27 in Evocations
  2893 | D        | Noticed a tentacled monstrosity
  2893 | D        | Noticed a tentacled monstrosity
  2899 | D        | Gained mutation: You passively map a large area around you.
                  | [Deep Dwarf growth]
  2899 | D        | Reached XP level 18. HP: 188/208 MP: 17/17
  2902 | D        | Killed a tentacled monstrosity
  2909 | D        | Killed a tentacled monstrosity
  3003 | D        | Noticed an Orb Guardian
  3003 | D        | Noticed an Orb Guardian
  3003 | D        | Noticed an Orb Guardian
  3003 | D        | Noticed an Orb Guardian
  3003 | D        | Noticed an Orb Guardian
  3003 | D        | Noticed an Orb Guardian
  3005 | D        | Killed an Orb Guardian
  3005 | D        | Killed an Orb Guardian
  3005 | D        | Noticed an Orb Guardian
  3006 | D        | Reached skill level 27 in Armour
  3008 | D        | Killed an Orb Guardian
  3009 | D        | Killed an Orb Guardian
  3009 | D        | Killed an Orb Guardian
  3009 | D        | Killed an Orb Guardian
  3009 | D        | Noticed an Orb Guardian
  3010 | D        | Noticed an Orb Guardian
  3012 | D        | Noticed an Orb Guardian
  3014 | D        | Killed an Orb Guardian
  3015 | D        | Reached skill level 27 in Shields
  3016 | D        | Killed an Orb Guardian
  3017 | D        | Killed an Orb Guardian
  3024 | D        | Killed an Orb Guardian
  3034 | D        | Noticed an Orb Guardian
  3034 | D        | Noticed an Orb Guardian
  3035 | D        | Noticed an Orb Guardian
  3036 | D        | Noticed an Orb Guardian
  3037 | D        | Killed an Orb Guardian
  3038 | D        | Killed an Orb Guardian
  3038 | D        | Killed an Orb Guardian
  3040 | D        | Killed an Orb Guardian
  3049 | D        | Noticed an orb of fire
  3049 | D        | Noticed an ancient lich
  3051 | D        | Noticed an electric golem
  3060 | D        | Killed an ancient lich
  3074 | D        | Gained mutation: You tend to lose your temper in combat.
                  | [an orb of fire]
  3097 | D        | Killed an orb of fire
  3098 | D        | Reached skill level 27 in Fighting
  3098 | D        | Reached skill level 27 in Dodging
  3098 | D        | Reached skill level 5 in Stealth
  3108 | D        | Killed an electric golem
  3116 | D        | Noticed an ancient lich
  3116 | D        | Noticed an ancient lich
  3116 | D        | Noticed an ancient lich
  3116 | D        | Noticed an ancient lich
  3116 | D        | Noticed an ancient lich
  3119 | D        | Reached skill level 5 in Staves
  3120 | D        | Killed an ancient lich
  3120 | D        | Noticed an orb of fire
  3122 | D        | Killed an ancient lich
  3122 | D        | Noticed a curse toe
  3125 | D        | Killed an ancient lich
  3125 | D        | Killed an ancient lich
  3125 | D        | Killed an ancient lich
  3127 | D        | Noticed an ancient lich
  3130 | D        | Noticed an Orb Guardian
  3132 | D        | Gained mutation: You sometimes lose the ability to read
                  | scrolls when taking damage. [an orb of fire]
  3134 | D        | Gained mutation: You are dopey. (Int -2) [an orb of fire]
  3135 | D        | Killed an ancient lich
  3135 | D        | Killed an Orb Guardian
  3137 | D        | Killed a curse toe
  3138 | D        | Noticed an ancient lich
  3146 | D        | Noticed an ancient lich
  3153 | D        | Gained mutation: You are very dopey. (Int -4) [an orb of
                  | fire]
  3154 | D        | Killed an orb of fire
  3157 | D        | Noticed an Orb Guardian
  3178 | D        | Killed an ancient lich
  3179 | D        | Reached XP level 19. HP: 206/226 MP: 17/17
  3184 | D        | Killed an ancient lich
  3197 | D        | Reached skill level 10 in Stealth
  3222 | D        | Reached skill level 15 in Stealth
  3427 | D        | Got an elven rune of Zot
  3443 | D        | Noticed the Royal Jelly
  3454 | D        | Killed the Royal Jelly
  3455 | D        | Reached skill level 27 in Staves
  3455 | D        | Reached skill level 27 in Stealth
  3470 | D        | Reached skill level 5 in Spellcasting
  3487 | D        | Got a slimy rune of Zot
  3494 | D        | Reached skill level 10 in Spellcasting
  3584 | D        | Reached XP level 20. HP: 216/236 MP: 17/17
  3596 | D        | Reached skill level 15 in Spellcasting
  3655 | D        | Noticed a royal mummy
  3655 | D        | Noticed a royal mummy
  3655 | D        | Noticed a royal mummy
  3655 | D        | Noticed a royal mummy
  3668 | D        | Killed a royal mummy
  3674 | D        | Noticed a royal mummy
  3683 | D        | Killed a royal mummy
  3683 | D        | Killed a royal mummy
  3685 | D        | Killed a royal mummy
  3685 | D        | Killed a royal mummy
  3706 | D        | Got a golden rune of Zot
  3725 | D        | Got an abyssal rune of Zot
  3849 | D        | Noticed Geryon
  3858 | D        | Killed Geryon
  3860 | D        | Noticed Ereshkigal
  3860 | D        | Found the +4 staff of Dispater
  3860 | D        | Noticed Dispater
  3861 | D        | Found the +6 sword of Cerebov {flame}
  3861 | D        | Noticed Cerebov
  3863 | D        | Noticed Gloorx Vloq
  3872 | D        | Killed from afar by a Hell Sentinel

Illustrated notes

Levels and vault maps discovered:
D:        linesprint [early_d, line_temple, items_1, d_10, items_2, lair_1,
          lair_end, items_3, orc_1, orc_end, items_4, d_15, swamp_1, shoals_1,
          snake_1, spider_1, d_20, vaults_1, items_5, swamp_end, shoals_end,
          snake_end, spider_end, vaults_end, d_27, items_6, zot_1, zot_end,
          crypt_end, forest_end, elf_end, slime_end, tomb_end, abyss_end,
          pan_hell_end]

Skill      XL: |  1  2  3  4  5  6  7  8  9 10 11 12 13 14 15 16 17 18 19 20 |
---------------+-------------------------------------------------------------+-----
Fighting       | 3 5 6 7 9 10 11 12 14 15 17 18 20 22 24 27 | 27.0
Axes           | 3 5 7 8 10 12 13 14 16 18 19 21 23 25 27 | 27.0
Armour         | 4 6 7 8 10 12 13 15 16 17 19 21 23 26 27 | 27.0
Invocations    | 3 8 11 13 15 17 19 21 23 25 27 | 27.0
Shields        | 4 7 11 13 15 18 20 23 25 27 | 27.0
Evocations     | 6 12 16 19 23 27 | 27.0
Dodging        | 5 10 13 16 20 23 27 | 27.0
Stealth        | 5 27 | 27.0
Staves         | 20 27 | 27.0
Spellcasting   | 11 21 | 21.9

Action                   |  1- 3 |  4- 6 |  7- 9 | 10-12 | 13-15 | 16-18 | 19-21 || total
-------------------------+-------+-------+-------+-------+-------+-------+-------++-------
Melee: War axe           |    21 |    41 |    58 |       |       |       |       ||   120
       Broad axe         |       |       |    12 |   274 |   251 |   266 |    47 ||   850
       Executioner's axe |       |       |       |       |       |       |    41 ||    41
Invok: Major Destruction |       |       |       |    14 |    79 |   164 |   103 ||   360
       Greater Servant o |       |       |       |     1 |       |     1 |     1 ||     3
       Lesser Servant of |       |       |       |     1 |       |       |       ||     1
 Abil: Heal Wounds       |       |     3 |     7 |    18 |    24 |    22 |    24 ||    98
Evoke: Wand              |       |       |       |       |       |     1 |       ||     1
  Use: Potion            |       |     1 |     3 |     2 |     3 |       |     8 ||    17
       Scroll            |       |       |     6 |     2 |       |       |       ||     8
 Stab: Sleeping          |       |       |       |       |       |       |     1 ||     1
Armor: Scale mail        |     7 |    24 |    63 |    75 |       |       |       ||   169
       Storm dragon scal |       |       |       |    15 |    84 |    66 |    23 ||   188
Dodge: Dodged            |     9 |    25 |    26 |    24 |    36 |    46 |    66 ||   232
Block: Buckler           |     2 |    11 |    15 |       |       |       |       ||    28
       Kite shield       |       |       |    13 |   293 |   282 |   332 |    47 ||   967
       Reflection        |       |       |       |       |       |     2 |     3 ||     5
       Other             |       |       |       |       |       |       |    10 ||    10

Table legend: (Time is in decaauts)
 A = Elapsed time spent in this place.
 B = Non-inter-level travel time spent in this place.
 C = Inter-level travel time spent in this place.
 D = Time resting spent in this place.
 E = Time spent auto-exploring this place.
 F = Levels seen in this place.
 G = Mean time per level.
                   A        B        C        D        E       F      G
               +--------+--------+--------+--------+--------+-----+--------+
         Total |   3667 |   3645 |     22 |      0 |      0 |   1 | 3667.0 |
       Dungeon |   3667 |   3645 |     22 |      0 |      0 |   1 | 3667.0 |
               +--------+--------+--------+--------+--------+-----+--------+

Top non-repeatable levels by time:
       D: 3667 daAuts
